 Dungeon Crawl Stone Soup version 0.31-a0-446-g07c4bd200f (webtiles) character file.

Game seed: 8977657672487246329

22 Ethylacetat the Insei (level 2, -6/16 HPs)
             Began as a Vine Stalker Monk on Aug 3, 2023.
             Mangled by a gnoll
             ... wielding a +1 heavy flail
              (17 damage)
             ... on level 1 of the Dungeon.
             The game lasted 00:01:34 (412 turns).

Ethylacetat the Insei (Vine Stalker Monk)            Turns: 412, Time: 00:01:34

Health: -6/16      AC:  2    Str: 13    XL:     2   Next: 91%
Magic:  0/4        EV: 12    Int: 10    God:
Gold:   1          SH:  0    Dex: 16    Spells: 3/3 levels left

rFire   . .          .
                       - Unarmed
rCold   . . .        c - orb {light}
rNeg    . . .        a - +0 robe
rPois   .            (helmet currently unavailable)
rElec   .            (cloak currently unavailable)
rCorr   .            (gloves currently unavailable)
SInv    .            (boots currently unavailable)
Will    .....        (no amulet)
Stlth   +            (no ring)
HPRegen 0.22/turn    (no ring)
MPRegen 0.09/turn

%: guardian spirit
@: beast-form, glowing
A: beast (slay +0), fangs 2, magic shield, antimagic bite, no potion heal 2
a: Begin Untransformation


You were on level 1 of the Dungeon.
You were a hulking beast.
You visited 1 branch of the dungeon, and saw 1 of its levels.

You collected 1 gold pieces.

Inventory:

Missiles
 e - 2 poisoned darts (quivered)
Armour
 a - a +0 robe (worn)
 c - an orb of light (worn)
Talismans
 d - a beast talisman (active)
Potions
 b - a potion of ambrosia
 f - 2 potions of haste {unknown}
 g - a potion of brilliance {unknown}
 h - a potion of magic {unknown}


   Skills:
 + Level 3.0 Fighting
 - Level 2.4 Dodging
 + Level 3.3 Unarmed Combat
 + Level 1.1 Spellcasting
 * Level 0.4 Shapeshifting


You had 3 spell levels left.
You didn't know any spells.
Your spell library contained the following spells:

 Spells                   Type           Power      Damage    Failure   Level
 Apportation              Tloc           0%         N/A       34%         1
 Alistair's Intoxication  Tmut/Pois      0%         N/A       100%        5


Dungeon Overview and Level Annotations

Branches:
Dungeon (1/15)

Altars:


Innate Abilities, Weirdness & Mutations

You are a hulking beast.
Your limbs bulge with bestial killing power. (Slay +0)
You have extremely sharp teeth.
When hurt, damage is shared between your health and your magic reserves.
Your bite disrupts and absorbs the magic of your enemies.
Potions cannot restore your health.


Message History

You are too injured to fight recklessly!
Press: ? - help, v - describe, . - travel
Here: a gnoll, wielding a +1 heavy flail (haloed)
The floor.
The gnoll attacks as you move away! The gnoll misses you.
Okay, then.
Throw: 6 darts (poison)
Press: ? - help, Q - select action Shift-Dir - straight line, f - gnoll
Aim: a gnoll, wielding a +1 heavy flail (haloed, 82% to hit)
You throw a poisoned dart.
The poisoned dart barely misses the gnoll.
Throw: 5 darts (poison)
Press: ? - help, Q - select action Shift-Dir - straight line, f/p - gnoll
Aim: a gnoll, wielding a +1 heavy flail (haloed, 81% to hit)
You throw a poisoned dart.
The poisoned dart completely misses the gnoll.
The gnoll hits you with a +1 heavy flail!
Ouch! That really hurt!
* * * LOW HITPOINT WARNING * * *
The gnoll attacks as you move away! The gnoll hits you but does no damage.
Things that are here:
a +0 dagger; a goblin corpse
Things that are here:
a +0 dagger; a goblin corpse You see here a +0 whip.
Throw: 4 darts (poison)
Press: ? - help, Q - select action Shift-Dir - straight line, f/p - gnoll
Aim: a gnoll, wielding a +1 heavy flail (haloed, 81% to hit)
You throw a poisoned dart. The poisoned dart hits the gnoll.
The gnoll is poisoned.
Throw: 3 darts (poison)
Press: ? - help, Q - select action Shift-Dir - straight line, f/p - gnoll
Aim: a gnoll, wielding a +1 heavy flail (poisoned, haloed, 81% to hit)
You throw a poisoned dart. The poisoned dart hits the gnoll.
The gnoll looks even sicker.
The gnoll closely misses you. The gnoll attacks as you move away!
The gnoll hits you with a +1 heavy flail!!
Ouch! That really hurt!
You die...

###.......###.############..##
##...#####.....).........###.###
#..### ##...))...........(....
##.## #...>...#######..#..## #..#
#(......# #......... #.##
####....#######g........ #l#
#.#..(..# #............ #.##
#....#g.####.##......... ...#
###g.#.h...........#.... ...#
#....#.............#....
...#######....###.........###....
...l..##.l...## ##......÷##.)....
...##.....##.# #..≈≈≈..#.......
#######......###.#.≈≈§≈≈÷###.##.#
# #...#......#.§≈(≈≈§# #.##.#
#....##.####.#.§§>≈≈§# #.##.#
.....##.# #.§§§§≈.# #.#..#


You could see a gnoll (very poisoned).

Vanquished Creatures
  2 bats (D:1)
  A giant cockroach (D:1)
  6 goblins (D:1)
  A hobgoblin (D:1)
  5 jackals (D:1)
  A quokka (D:1)
  A ball python (D:1)
  A frilled lizard (D:1)
18 creatures vanquished.

Notes
Turn   | Place    | Note
-------+----------+-------------------------------------------
     0 | D:1      | Ethylacetat the Vine Stalker Monk began the quest for the
                  | Orb.
     0 | D:1      | Reached XP level 1. HP: 11/11 MP: 2/2
    93 | D:1      | Reached XP level 2. HP: 13/16 MP: 2/4
   184 | D:1      | Reached skill level 1 in Spellcasting
   412 | D:1      | Mangled by a gnoll

Illustrated notes

Levels and vault maps discovered:
D:1:      lemuel_arrival_lava_pool, layout_rooms

Skill      XL: |  1  2 |
---------------+-------+-----
Spellcasting   | 1 |  1.1
Fighting       | 3 |  3.0
Dodging        | |  2.4
Unarmed Combat | |  3.3
Shapeshifting  | |  0.4

Action                     || total
---------------------------++-------
  Melee: Unarmed           ||    51
         Bite              ||     8
  Throw: Dart              ||     4
 Armour: Robe              ||    17
  Dodge: Dodged            ||    51
   Form: Beast             ||     1

Table legend: (Time is in decaauts)
 A = Elapsed time spent in this place.
 B = Non-inter-level travel time spent in this place.
 C = Inter-level travel time spent in this place.
 D = Time resting spent in this place.
 E = Time spent auto-exploring this place.
 F = Levels seen in this place.
 G = Mean time per level.
                   A        B        C        D        E       F      G
               +--------+--------+--------+--------+--------+-----+--------+
         Total |    409 |    409 |      0 |      0 |    237 |   1 |  409.0 |
       Dungeon |    409 |    409 |      0 |      0 |    237 |   1 |  409.0 |
               +--------+--------+--------+--------+--------+-----+--------+

Top non-repeatable levels by time:
     D:1: 409 daAuts
